cohdb
Replays
Latest Replays
All Replays
Popular Replays
Top Player Replays
Match Explorer
How It Works
Community
CoH3 Stats
Reddit
Sign in to upload your games and track your stats! →
Sign in with Steam
Match 41504323
Unlisted
Match 41504323
Overview
Messages
Build Orders
End
Panzergrenadier Squad
Panzergrenadier Squad
Panzergrenadier Squad
Construct Light Support Kompanie
Forward Retreat Point
2.5-tonne Medical Truck
Fire Support Elements
Pak 38 Mechanized Group
Combat Half-tracks
MG34 Team
Construct Panzerarmee Kommand
Tungsten Core Ammunition
Rapid Advance
Selects Panzerjäger Kommand Battlegroup
Selects Tank Busters
Selects Crew Shock Tactics
Selects Anti-tank Overwatch
Selects Mine Fields
Anti-tank Overwatch
Panzerpioneer Squad
Armored Reserves
Forward Retreat Point
Anti-tank Overwatch
Tiger Heavy Tank
Walking Stuka Rocket Launcher
Anti-tank Overwatch
Anti-tank Overwatch
Construct Mechanized Kompanie
Assault Grenadier Squad
Panzergrenadier Squad
18-tonne Recovery Half-track
Anti-tank Overwatch
Marder III Tank Destroyer
Marder III Tank Destroyer
Anti-tank Overwatch
MuniekPL
Papa Shango
Husar
SIEPACZ
Twich.つくね
linms82
狼哥
林距离❤️.
0
0
Comments
sign in to comment!
No comments posted yet!